[Event "Late-Titled-Tuesday-Blitz-January-23-2024"]
[Site "Chess.com"]
[Date "2024.01.23"]
[Round "2"]
[White "1mbl4"]
[Black "ChessFighter_2011"]
[Result "0-1"]
[WhiteElo "2585"]
[BlackElo "2927"]
[TimeControl "180+1"]
[EndTime "14:17:02 PST"]
[Termination "ChessFighter_2011 won by resignation"]

1. d4 Nf6 2. Nf3 g6 3. Bf4 d6 4. e3 Bg7 5. h3 O-O 6. Be2 Nbd7 7. O-O b6 8. a4 a6 9. c3 Bb7 10. Nfd2 Qc8 11. Na3 Ne4 12. Nxe4 Bxe4 13. Bf3 Nf6 14. Bxe4 Nxe4 15. Bh2 c5 16. f3 Nf6 17. e4 Qb7 18. Re1 b5 19. e5 dxe5 20. dxe5 Nd5 21. axb5 axb5 22. Qe2 c4 23. Qe4 e6 24. Kh1 Rfc8 25. Nc2 Rxa1 26. Rxa1 Ra8 27. Qe1 Bf8 28. Nd4 b4 29.
Bg1 b3 30. Rb1 Ra2 31. Qe4 Qa6 32. f4 Ra1 33. Nf3 Rxb1 34. Qxb1 Qa2 35. Qc1 Ba3 36. Qf1 Qxb2 37. Qxc4 Qxc3 38. Qb5 b2 39. Ng5 Qb4 40.
Qe8+ Qf8 41. Qb5 Nc3 42. Ne4 Nxb5 0-1

[Event "Late-Titled-Tuesday-Blitz-January-23-2024"]
[Site "Chess.com"]
[Date "2024.01.23"]
[Round "2"]
[White "FrenchHarvey"]
[Black "Statham_01"]
[Result "1-0"]
[WhiteElo "2795"]
[BlackElo "2545"]
[TimeControl "180+1"]
[EndTime "14:17:02 PST"]
[Termination "FrenchHarvey won by resignation"]

1. e4 e5 2. Nf3 Nf6 3. Nxe5 Nc6 4. d4 Nxe4 5. Bd3 d5 6. Nxc6 bxc6 7. O-O Bd6 8. Qf3 O-O 9. Bxe4 Qh4 10. g3 dxe4 11.
Qxf7+ Rxf7 12. gxh4 Ba6 13. Re1 Raf8 14. Be3 Rf6 15. Nd2 Rg6+ 16. Kh1 Bc8 17. Rg1 Bg4 18. Rg2 Rf3 19. Rag1 Rh3 20. Rg3 Bxg3 21. fxg3 Rf6 22. Kg2 Rf3 23. Re1 h6 24. Nxe4 g5 25. Nf2 Rxf2+ 26. Bxf2 gxh4 27. Re4 Bf5 28. Rf4 Be6 29. Rf6 Bd7 30. Rxh6 Kg7 31. Rxh4 Rxh4 32. gxh4 Bf5 33. c3 Bb1 34. a3 Be4+ 35. Kg3 Bd5 36. Kf4 Kf6 37.
h5 a5 38. Bh4+ Kg7 39. Bd8 a4 40. Kg5 Kh7 41. Bxc7 Bc4 42. Bf4 Bd5 43. Kf6 Bf3 44.
h6 Bd5 45. Ke5 Bc4 46. Kd6 Bd5 47. Kc5 Bg2 48. c4 Be4 49. d5 cxd5 50. cxd5 Kg6 51. d6 Kf7 52. Kb6 Ke6 53. Kc7 1-0

[Event "Late-Titled-Tuesday-Blitz-January-23-2024"]
[Site "Chess.com"]
[Date "2024.01.23"]
[Round "2"]
[White "Fh2411"]
[Black "Sanan_Sjugirov"]
[Result "0-1"]
[WhiteElo "2615"]
[BlackElo "3016"]
[TimeControl "180+1"]
[EndTime "14:17:03 PST"]
[Termination "Sanan_Sjugirov won on time"]

1. d4 Nf6 2. Nf3 g6 3. c4 Bg7 4. Nc3 d6 5. Bg5 h6 6. Bh4 g5 7.
Bg3 Nh5 8. e3 c5 9. d5 Qb6 10.
Qc2 Na6 11. a3 Bf5 12. Qa4+ Bd7 13. Qc2 Bf5 14. Qa4+ Kf8 15. Qb5 Nc7 16. Qxb6 axb6 17.
Be2 Nxg3 18. hxg3 Bxc3+ 19. bxc3 Kg7 20. Nd2 Ra6 21. e4 Bg6 22. f3 Rha8 23. Nb1 f5 24. Bd3 fxe4 25. fxe4 Ne8 26. Ra2 Nf6 27. Rb2 Ng4 28. Rf1 Ne5 29. Ke2 Nd7 30. Ke3 h5 31. Rff2 Rh8 32. Rb3 h4 33. gxh4 Rxh4 34. Nd2 Ne5 35.
Rf1 Rg4 36. Rf2 Rg3+ 0-1

[Event "Late-Titled-Tuesday-Blitz-January-23-2024"]
[Site "Chess.com"]
[Date "2024.01.23"]
[Round "2"]
[White "Firouzja2003"]
[Black "Harry_Rakkel"]
[Result "1-0"]
[WhiteElo "3144"]
[BlackElo "2691"]
[TimeControl "180+1"]
[EndTime "14:17:04 PST"]
[Termination "Firouzja2003 won by resignation"]

1. d4 Nf6 2. Bg5 e6 3. Nc3 Bb4 4. e4 h6 5. Bd2 Bxc3 6. Bxc3 Nxe4 7. Qg4 Nxc3 8. Qxg7 Rf8 9. bxc3 Qg5 10. Qh7 f5 11. Nh3 Qf6 12. Nf4 Rh8 13. Nh5 Qf8 14. Qg6+ Qf7 15.
Qxf7+ Kxf7 16. f3 Nc6 17. g4 Rg8 18. gxf5 Ne7 19. fxe6+ dxe6 20. Bd3 Bd7 21. Kf2 Rg5 22.
Ng3 Nd5 23. Ne4 Rg7 24. Rhg1 Rag8 25. Rg3 b6 26. Rag1 Nf4 27. Ke3 Nd5+ 28. Kd2 Bc6 29. c4 Nf4 30. Ke3 Nh3 31. Rxg7+ Rxg7 32. Rg3 Rxg3 33.
hxg3 Bxe4 34. Bxe4 Ng5 35. f4 Nxe4 36. Kxe4 Kf6 37. g4 c6 38. d5 1-0

[Event "Late-Titled-Tuesday-Blitz-January-23-2024"]
[Site "Chess.com"]
[Date "2024.01.23"]
[Round "2"]
[White "jcmesafischer"]
[Black "TanitoluwaAps116"]
[Result "0-1"]
[WhiteElo "2350"]
[BlackElo "2728"]
[TimeControl "180+1"]
[EndTime "14:17:04 PST"]
[Termination "TanitoluwaAps116 won by resignation"]

1. e4 c5 2. Nf3 e6 3. g3 Nc6 4. Bg2 Nf6 5. d3 d5 6. Nbd2 Be7 7. O-O Qc7 8. Re1 b6 9. h4 Bb7 10. a3 Rd8 11. exd5 exd5 12. Nf1 O-O 13. Ne3 Rfe8 14. Nf5 Bc8 15. Nxe7+ Rxe7 16. Bg5 Qd6 17. Bf4 Qd7 18. Rxe7 Qxe7 19. Qd2 Bg4 20. Re1 Qd7 21. Ne5 Nxe5 22. Bxe5 Qf5 23. f3 Bxf3 24. Bxf6 Qxf6 25. Rf1 Qd4+ 26. Rf2 Bxg2 27. Kxg2 Re8 28. c3 Qe3 29. Qd1 g6 30. Qa4 Re7 31. Qc6 Qxd3 32. Qf6 Qe4+ 33.
Kh2 Qe5 34. Qf3 Kg7 35. Rd2 Rd7 36. Re2 Qf6 37. Qg4 Re7 38. Rd2 d4 39. cxd4 cxd4 40.
Rxd4 Qf2+ 0-1

[Event "Late-Titled-Tuesday-Blitz-January-23-2024"]
[Site "Chess.com"]
[Date "2024.01.23"]
[Round "2"]
[White "MetiForce"]
[Black "Kombinator01"]
[Result "1-0"]
[WhiteElo "2842"]
[BlackElo "2460"]
[TimeControl "180+1"]
[EndTime "14:17:04 PST"]
[Termination "MetiForce won by resignation"]

1. Nf3 d5 2. g3 Nf6 3. Bg2 e6 4. O-O h6 5. d4 Bd6 6. c4 O-O 7. Nbd2 Nc6 8. a3 Re8 9. c5 Bf8 10. b4 e5 11. dxe5 Nxe5 12. Nxe5 Rxe5 13. Bb2 Re8 14. e4 Nxe4 15. Nxe4 dxe4 16. Qxd8 Rxd8 17. Bxe4 c6 18. Rfd1 Bg4 19. f3 Be6 20. Kf2 Bb3 21. Rxd8 Rxd8 22. Bc3 a5 23. g4 f6 24. h4 Ra8 25.
bxa5 Bxc5+ 26. Kg2 Bd5 27. Bxd5+ cxd5 28. a4 d4 29. Bd2 Bd6 30. Rb1 Ra7 31. Rb5 Kf7 32.
f4 Ke6 33. Kf3 Kd7 34. Ke4 Kc6 35. Kxd4 Ra8 36. Ke4 g6 37. h5 Re8+ 38. Kd4 g5 39.
fxg5 fxg5 40. Bb4 Bxb4 41. Rxb4 Re1 42. Rb6+ Kc7 43. Rxh6 Rg1 44. Rh7+ Kc6 45. Rh6+ Kc7 46. Rg6 Rxg4+ 47. Ke3 Rg3+ 48. Kf2 Rg4 49. h6 Rxa4 50.
Rxg5 Rh4 51. Rg7+ Kc6 52. h7 Kb5 53. Kg3 Rh6 54. Rxb7+ Kxa5 55. Kg4 Rh1 56. Kf5 Ka6 57. Rg7 Kb6 58. Kg6 Kc6 59. Kf7 1-0

[Event "Late-Titled-Tuesday-Blitz-January-23-2024"]
[Site "Chess.com"]
[Date "2024.01.23"]
[Round "2"]
[White "rikchessmx"]
[Black "Flameboard08"]
[Result "0-1"]
[WhiteElo "2378"]
[BlackElo "2556"]
[TimeControl "180+1"]
[EndTime "14:17:05 PST"]
[Termination "Flameboard08 won by checkmate"]

1. e4 b6 2. d4 Bb7 3. Nc3 e6 4. a3 d5 5. e5 c5 6. Nf3 Nc6 7. Bb5 Ne7 8. Ne2 a6 9. Ba4 Nf5 10. c3 Be7 11. O-O O-O 12. Bc2 Rc8 13. Ng3 g6 14. Nxf5 exf5 15. Bh6 Re8 16. Qd2 cxd4 17. cxd4 Na5 18. b3 Qc7 19. Rfc1 Qc3 20. Qf4 Nxb3 21. Bxb3 Qxb3 22. Rcb1 Qc3 23. Bg5 Bf8 24. h4 h5 25. Bh6 Be7 26. Bg5 Bxa3 27. Rxa3 Qxa3 28. Bh6 Rc6 29. Ng5 Rec8 30. e6 f6 31. Nf7 Rxe6 32. Bg7 Kxf7 33. Qh6 Qe7 34. Bh8 Re1+ 35. Rxe1 Qxe1+ 36.
Kh2 Qe4 37. Qg7+ Ke6 38. Qxf6+ Kd7 39. Qxb6 Qxh4+ 40. Kg1 Rc1# 0-1

[Event "Late-Titled-Tuesday-Blitz-January-23-2024"]
[Site "Chess.com"]
[Date "2024.01.23"]
[Round "2"]
[White "rdarruda"]
[Black "Ducke13"]
[Result "1-0"]
[WhiteElo "2528"]
[BlackElo "2298"]
[TimeControl "180+1"]
[EndTime "14:17:05 PST"]
[Termination "rdarruda won on time"]

1. d4 Nf6 2. Nf3 g6 3. Nc3 Bg7 4. e4 d6 5. Bg5 h6 6. Bh4 g5 7. Bg3 Nh5 8. Qd2 c6 9. O-O-O Nd7 10. e5 Nxg3 11. hxg3 d5 12. e6 fxe6 13. Bd3 Nf8 14.
Rde1 Qa5 15. Ne5 Bd7 16. f4 Bxe5 17. Rxe5 g4 18. f5 exf5 19. Rxh6 Rxh6 20. Qxh6 O-O-O 21.
Rxe7 Qb4 22. Qf6 c5 23. Bxf5 Qxd4 24. Qxd4 cxd4 25. Bxd7+ Rxd7 26. Re8+ Rd8 27. Rxd8+ Kxd8 28. Nxd5 Nh7 29. Kd2 Kd7 30. Kd3 Kd6 31. Kxd4 b6 32. Ne3 Nf6 33. c4 Ke6 34. b4 Kd6 35. c5+ bxc5+ 36.
bxc5+ Kc6 37. Nc4 Nh5 38. Ne5+ Kc7 39. Nxg4 Nxg3 40. Nf6 Nf5+ 41. Ke5 Ne3 42. g4 Kc6 43. g5 Kxc5 44. g6 Nc4+ 45. Ke6 Nd6 46. g7 1-0

[Event "Late-Titled-Tuesday-Blitz-January-23-2024"]
[Site "Chess.com"]
[Date "2024.01.23"]
[Round "2"]
[White "CarlosjPineror"]
[Black "OparinGrigoriy"]
[Result "0-1"]
[WhiteElo "2608"]
[BlackElo "3014"]
[TimeControl "180+1"]
[EndTime "14:17:06 PST"]
[Termination "OparinGrigoriy won by resignation"]

1. d4 f5 2. Nf3 Nf6 3. g3 g6 4. Bg2 Bg7 5. O-O d6 6. c4 O-O 7.
d5 e5 8. dxe6 Na6 9. Nd4 Nc5 10. b3 Nfe4 11. Bb2 Qe7 12. Nd2 Ng5 13. Rb1 a5 14. Qc2 Ngxe6 15. Nxe6 Bxe6 16. e3 Rae8 17. Rfd1 b6 18. a3 g5 19. b4 axb4 20. axb4 Nd7 21. Nf3 f4 22. Bxg7 Qxg7 23. Nd4 fxe3 24. fxe3 Bg4 25. Re1 Ne5 26. Bd5+ Kh8 27. b5 Bh3 28. Bg2 g4 29. Rf1 Qg8 30. Rxf8 Rxf8 31. Bd5 Qg5 32.
Qe2 Qf6 33. Re1 Nd3 34. Rd1 Nb2 35. Re1 Na4 36. Ne6 Nc3 37. Nf4 Nxe2+ 38. Rxe2 Qa1+ 0-1

[Event "Late-Titled-Tuesday-Blitz-January-23-2024"]
[Site "Chess.com"]
[Date "2024.01.23"]
[Round "2"]
[White "GoValya"]
[Black "ybothg"]
[Result "0-1"]
[WhiteElo "2297"]
[BlackElo "2527"]
[TimeControl "180+1"]
[EndTime "14:17:06 PST"]
[Termination "ybothg won by resignation"]

1. d4 Nf6 2. g3 g6 3. Bg2 Bg7 4.
c4 c6 5. Nc3 d5 6. Nf3 O-O 7. O-O dxc4 8. Ne5 Be6 9. a4 Nfd7 10.
f4 Nxe5 11. fxe5 Na6 12. Be3 Nb4 13. Rc1 Qa5 14. Ne4 Nd5 15. Bf2 Rad8 16. Nc5 Bc8 17. Rxc4 Qc7 18. Qc2 Nb6 19. Rc3 f6 20. a5 Nd5 21. e4 Nxc3 22. exf6 exf6 23. bxc3 b6 24.
Qb3+ Kh8 25. Ne6 Bxe6 26. Qxe6 Rfe8 27. Qg4 b5 28. Be3 Qxa5 29. Qh4 Qxc3 30. Bh6 Qxd4+ 31. Kh1 Bxh6 32. Qxh6 Rxe4 33. Qc1 Re6 34. Qa3 Rde8 35. Qf3 Re1 36. h4 Rxf1+ 37. Bxf1 Qd5 38. Bg2 Qxf3 39.
Bxf3 c5 40. Bc6 Rb8 41. Kg2 b4 42. Kf2 b3 43. Ke2 b2 0-1

[Event "Late-Titled-Tuesday-Blitz-January-23-2024"]
[Site "Chess.com"]
[Date "2024.01.23"]
[Round "2"]
[White "Kamilek84"]
[Black "LiemLe"]
[Result "0-1"]
[WhiteElo "2688"]
[BlackElo "3112"]
[TimeControl "180+1"]
[EndTime "14:17:08 PST"]
[Termination "LiemLe won on time"]

1. d4 Nf6 2. c4 e6 3. g3 d5 4. Bg2 Bb4+ 5. Bd2 a5 6. Nf3 O-O 7. O-O dxc4 8. Na3 Bxa3 9. bxa3 c6 10. Bg5 Nbd7 11. e4 h6 12. Bh4 Qc7 13. e5 Nd5 14. Nd2 b5 15. Ne4 c5 16. Nd6 Ba6 17. Bxd5 exd5 18.
Qg4 cxd4 19. Nf5 g6 20. Nxh6+ Kh7 21. Rae1 Nxe5 22. Qf4 f6 23. Bxf6 Qg7 24. Bxg7 Rxf4 25. Bxe5 Re4 26. Rxe4 dxe4 0-1

[Event "Late-Titled-Tuesday-Blitz-January-23-2024"]
[Site "Chess.com"]
[Date "2024.01.23"]
[Round "2"]
[White "username0932589"]
[Black "chessflav"]
[Result "0-1"]
[WhiteElo "2495"]
[BlackElo "2307"]
[TimeControl "180+1"]
[EndTime "14:17:08 PST"]
[Termination "chessflav won by checkmate"]

1. e4 c5 2. Nf3 e6 3. d4 cxd4 4. Nxd4 Nc6 5. Nc3 a6 6. Nxc6 bxc6 7. Bd3 e5 8. O-O Nf6 9. Na4 d5 10. exd5 cxd5 11. c4 e4 12. Bc2 Be6 13. Bg5 Be7 14. cxd5 Bxd5 15. Nb6 Qxb6 16. Bxf6 Bxf6 17. Qxd5 O-O 18.
Qxe4 g6 19. Rab1 Rae8 20. Qa4 Re2 21. Bd3 Rd2 22. Qxa6 Qxa6 23. Bxa6 Bxb2 24. Rfd1 Rfd8 25. Rxd2 Rxd2 26. Bc4 Bd4 27. Rf1 Kg7 28. g3 f5 29.
Kg2 g5 30. h3 h5 31. Kf3 Kf6 32. Bb3 g4+ 33. hxg4 hxg4+ 34. Kg2 Rb2 35. Bd5 Kg5 36. Bc4 f4 37. gxf4+ Kxf4 38. Bb3 g3 39. Rd1 Rxf2+ 40. Kh3 Rh2# 0-1

[Event "Late-Titled-Tuesday-Blitz-January-23-2024"]
[Site "Chess.com"]
[Date "2024.01.23"]
[Round "2"]
[White "SameerMujumdar"]
[Black "AungTZ"]
[Result "1/2-1/2"]
[WhiteElo "2450"]
[BlackElo "2098"]
[TimeControl "180+1"]
[EndTime "14:17:08 PST"]
[Termination "Game drawn by repetition"]

1. d4 Nf6 2. Bg5 d5 3. Bxf6 exf6 4. e3 Bd6 5. Nd2 O-O 6. Ngf3 f5 7. g3 Nd7 8. c4 dxc4 9. Nxc4 Bb4+ 10. Ncd2 b6 11. a3 Bxd2+ 12. Qxd2 Bb7 13. Bg2 Nf6 14. O-O Rc8 15. Rac1 c5 16. dxc5 Bxf3 17. Qxd8 Rfxd8 18. Bxf3 bxc5 19. Rc4 Rb8 20. Rxc5 Rxb2 21. Rxf5 Rd6 22. Ra5 a6 23. Rc5 g6 24. Rc6 Rxc6 25. Bxc6 Ra2 26.
a4 Ng4 27. h3 Ne5 28. Bd5 Rxa4 29. Rb1 Ra5 30. e4 Rc5 31. Rb7 Rc2 32. Ra7 h5 33. Rxa6 Nd3 34. Rxg6+ Kf8 35. Rf6 Rc1+ 36. Kg2 Ne5 37.
f4 Rc2+ 38. Kf1 Nf3 39. Rxf7+ Ke8 40. Rh7 Rd2 41. Rxh5 Nh2+ 42. Kg1 Nf3+ 43. Kf1 Nh2+ 44. Ke1 Nf3+ 45. Kf1 1/2-1/2

[Event "Late-Titled-Tuesday-Blitz-January-23-2024"]
[Site "Chess.com"]
[Date "2024.01.23"]
[Round "2"]
[White "SpeedofLight0"]
[Black "ozates"]
[Result "1-0"]
[WhiteElo "2942"]
[BlackElo "2591"]
[TimeControl "180+1"]
[EndTime "14:17:09 PST"]
[Termination "SpeedofLight0 won by resignation"]

1. d4 Nf6 2. Nc3 d5 3. Bf4 e6 4.
e3 Bb4 5. Ne2 O-O 6. g4 c5 7. a3 Bxc3+ 8. Nxc3 cxd4 9. exd4 Nc6 10.
g5 Ne4 11. Nxe4 dxe4 12. c3 Qe7 13. Be3 b6 14. Bg2 Bb7 15. Bxe4 Na5 16. Qc2 Bxe4 17. Qxe4 Rfd8 18. h4 Rac8 19. Rd1 Nc4 20. Bc1 Rd5 21.
h5 Rcd8 22. g6 f5 23. Qe2 Nd6 24. h6 hxg6 25. c4 Nxc4 26. Qxc4 b5 27. Qe2 Rxd4 28. Rxd4 Rxd4 29. hxg7 Re4 30. Be3 Qxg7 31. Qd3 Qc7 32.
Kf1 Qc4 33. Qxc4 Rxc4 34. Bxa7 e5 35. Rh3 Rc1+ 36. Kg2 Rc2 37. Rb3 e4 38. Be3 Kg7 39. Rxb5 Kf6 40. Bf4 g5 41. Rb6+ 1-0

[Event "Late-Titled-Tuesday-Blitz-January-23-2024"]
[Site "Chess.com"]
[Date "2024.01.23"]
[Round "2"]
[White "Chessdreamer2020"]
[Black "MyDream003"]
[Result "0-1"]
[WhiteElo "2551"]
[BlackElo "2848"]
[TimeControl "180+1"]
[EndTime "14:17:09 PST"]
[Termination "MyDream003 won by resignation"]

1. e4 c6 2. d4 d5 3. exd5 cxd5 4. Bd3 Nf6 5. h3 Nc6 6. c3 e5 7. dxe5 Nxe5 8. Nf3 Nxd3+ 9. Qxd3 Bd6 10. O-O O-O 11. Bg5 h6 12. Bh4 Bc7 13. Nbd2 Be6 14. Rfe1 Re8 15. Nb3 g5 16. Bg3 Bxg3 17. fxg3 Ne4 18. Nfd4 Qf6 19. Rf1 Qg6 20. g4 Re7 21. Nd2 Rae8 22.
Rae1 Nc5 23. Qb5 Bd7 24. Qxc5 Rxe1 25. Qxd5 Bc6 26. Nxc6 bxc6 27. Qd4 a6 28. Kh2 Rxf1 29. Nxf1 Qe4 30. Qd7 Qf4+ 31. Kg1 Re2 32. Qd8+ Kg7 33.
Qb6 Qe4 34. Qd4+ Qxd4+ 35. cxd4 Rxb2 36. Ne3 Rxa2 37. Nf5+ Kh7 38. Ne7 Rc2 39. Kf1 a5 40. Ke1 a4 41. Kd1 Rc4 0-1

[Event "Late-Titled-Tuesday-Blitz-January-23-2024"]
[Site "Chess.com"]
[Date "2024.01.23"]
[Round "2"]
[White "Fandorine"]
[Black "Doomfist26"]
[Result "1-0"]
[WhiteElo "2974"]
[BlackElo "2597"]
[TimeControl "180+1"]
[EndTime "14:17:10 PST"]
[Termination "Fandorine won by resignation"]

1. d4 Nf6 2. c4 g6 3. Nc3 Bg7 4. e4 d6 5. Be2 O-O 6. Nf3 e5 7.
O-O Bg4 8. d5 a5 9. h3 Bxf3 10.
Bxf3 Na6 11. Bg5 h6 12. Be3 Nc5 13. a3 b6 14. Rb1 h5 15. b4 Ncd7 16. Qc2 Nh7 17.
Nb5 Bf6 18. c5 dxc5 19. bxc5 Bg5 20. d6 cxd6 21. cxd6 Bxe3 22. fxe3 Nc5 23. Be2 Ng5 24. Bc4 Rc8 25. Bd5 Ncxe4 26. Qd3 Ng3 27. Qxg6+ Kh8 28.
Qh6+ Nh7 29. Rxf7 Rxf7 30. Bxf7 Qg5 31. Qxg5 Nxg5 32. d7 Rd8 33. Be8 N3e4 34. Na7 Nc5 35. Nc6 Rxd7 36. Bxd7 Nxd7 37. Rd1 Nc5 38. Nxe5 1-0

[Event "Late-Titled-Tuesday-Blitz-January-23-2024"]
[Site "Chess.com"]
[Date "2024.01.23"]
[Round "2"]
[White "R2D2PTY"]
[Black "rynos0411"]
[Result "0-1"]
[WhiteElo "2248"]
[BlackElo "2503"]
[TimeControl "180+1"]
[EndTime "14:17:11 PST"]
[Termination "rynos0411 won on time"]

1. e4 c5 2. Nc3 d6 3. d4 cxd4 4.
Qxd4 Nf6 5. b3 Nc6 6. Qd2 g6 7. Bb2 Bg7 8. O-O-O O-O 9. f3 Be6 10. Nge2 a6 11. Nf4 Bd7 12. h4 h5 13. Ncd5 Nxd5 14. Nxd5 Ne5 15. Be2 Rc8 16. Kb1 Bc6 17. g4 hxg4 18.
fxg4 e6 19. Nc3 b5 20. Bd3 b4 21. Ne2 Nxg4 22. Bxg7 Kxg7 23. Qxb4 Qf6 24. Rdf1 Qe5 25. h5 a5 26. Qd2 Rh8 27. hxg6 fxg6 28. Rhg1 Nf6 29.
Nf4 Rh6 30. Qg2 Bxe4 31. Bxe4 Qxe4 32. Qxe4 Nxe4 33. Nxe6+ Kg8 34. Rf4 Nc5 35. Rf6 Ne4 36. Rfxg6+ Rxg6 37. Rxg6+ Kf7 38. Rh6 a4 39. Nf4 a3 40. c4 Rg8 41. Rh7+ Kf6 42. Ra7 Rg1+ 43. Kc2 Ke5 44. Nd3+ Kd4 45. Rxa3 Rg2+ 46. Kd1 Kxd3 47.
Ra6 Nc3+ 0-1

[Event "Late-Titled-Tuesday-Blitz-January-23-2024"]
[Site "Chess.com"]
[Date "2024.01.23"]
[Round "2"]
[White "jk13"]
[Black "GHANDEEVAM2003"]
[Result "0-1"]
[WhiteElo "2649"]
[BlackElo "3056"]
[TimeControl "180+1"]
[EndTime "14:17:13 PST"]
[Termination "GHANDEEVAM2003 won by resignation"]

1. e4 e6 2. d3 b6 3. Nf3 Bb7 4. g3 c5 5. Bg2 Nc6 6. O-O Be7 7. c3 d5 8. Qe2 Nf6 9. e5 Nd7 10. h4 Qc7 11. Re1 O-O-O 12. a3 h6 13. b4 Rdg8 14. Nbd2 g5 15. hxg5 hxg5 16. g4 Nf8 17. c4 Ng6 18. Nf1 Nf4 19. Bxf4 gxf4 20. N1h2 dxc4 21. dxc4 cxb4 22. axb4 Bxb4 23. Rec1 Bc5 24.
Ra2 a5 25. Rd2 Rd8 26. Rcd1 a4 27. g5 a3 28. Ng4 Nb4 29. Nf6 a2 30. Ra1 Rxd2 31.
Qxd2 Rd8 32. Qxf4 Bxf2+ 33. Kf1 Nd3 34. Qd2 Qxc4 35. Qxa2 Qxa2 36. Rxa2 Bg3 37. Ng4 Nf4 38.
Ra1 Rd3 39. Ne1 Bxg2+ 40. Nxg2 Rf3+ 41. Kg1 Ne2+ 42. Kh1 Bxe5 43. Ne1 Rh3+ 44. Kg2 Rg3+ 45. Kf2 Bxa1 46. Nh6 Rxg5 47. Kxe2 f5 48. Nf7 Rh5 49. Nf3 Kd7 50. Kd3 Ke7 51. N7e5 Bxe5 52. Nxe5 Kd6 53. Nc4+ 0-1

[Event "Late-Titled-Tuesday-Blitz-January-23-2024"]
[Site "Chess.com"]
[Date "2024.01.23"]
[Round "2"]
[White "ChEsper99"]
[Black "emeli_chess"]
[Result "0-1"]
[WhiteElo "2118"]
[BlackElo "2463"]
[TimeControl "180+1"]
[EndTime "14:17:13 PST"]
[Termination "emeli_chess won by resignation"]

1. e4 c5 2. Nf3 d6 3. Bb5+ Nd7 4. c3 a6 5. Ba4 b5 6. Bc2 Bb7 7. O-O Ngf6 8. Re1 e6 9. d4 Be7 10. e5 Nd5 11. a4 Qc7 12. Na3 Qc6 13. Qe2 c4 14. Bd2 dxe5 15. dxe5 Nc5 16. Nd4 Nf4 17. Nxc6 Nxe2+ 18. Rxe2 Bxc6 19. axb5 axb5 20. Rd1 O-O 21.
Be3 Rfd8 22. Red2 Rxd2 23. Rxd2 Kf8 24. f3 Ke8 25. Kf2 Rd8 26. Rxd8+ Kxd8 27. Ke2 g6 28.
Nb1 Kc7 29. Nd2 Bd5 30. Bxc5 Bxc5 31. Be4 Kc6 32. Bxd5+ Kxd5 33. Ne4 Be7 34. Ke3 Kxe5 35. f4+ Kd5 36. g4 f5 37. gxf5 exf5 38. Nf2 Bc5+ 0-1

[Event "Late-Titled-Tuesday-Blitz-January-23-2024"]
[Site "Chess.com"]
[Date "2024.01.23"]
[Round "2"]
[White "stregachess"]
[Black "tgpgoat"]
[Result "1-0"]
[WhiteElo "2096"]
[BlackElo "2440"]
[TimeControl "180+1"]
[EndTime "14:17:18 PST"]
[Termination "stregachess won by resignation"]

1. d4 Nf6 2. Nf3 g6 3. Bf4 Bg7 4. e3 O-O 5. Be2 d6 6. h3 c5 7.
c4 cxd4 8. exd4 Nc6 9. Nc3 Re8 10.
O-O Nd7 11. Rc1 e5 12. dxe5 dxe5 13. Bh2 Nc5 14. Qxd8 Rxd8 15. Rfd1 Be6 16. Ng5 Nd4 17. Bf1 Bf5 18. f3 Bh6 19. Nge4 Bxc1 20. Rxc1 Nxe4 21. fxe4 Be6 22. Bxe5 Nc6 23. Bf6 Rd2 24. Nd5 Bxd5 25. cxd5 Nb4 26. Rc7 Nxa2 27. Bc4 Rd1+ 28. Kh2 Nb4 29. d6 Rf8 30. Be7 b5 31. Bxb5 Nd3 32.
d7 Ne5 33. Bxf8 Kxf8 34. Rc8+ Ke7 35. Re8+ Kf6 36. d8=Q+ Rxd8 37. Rxd8 1-0

[Event "Late-Titled-Tuesday-Blitz-January-23-2024"]
[Site "Chess.com"]
[Date "2024.01.23"]
[Round "2"]
[White "Atousa"]
[Black "GianmarcoVaR"]
[Result "1-0"]
[WhiteElo "2479"]
[BlackElo "2740"]
[TimeControl "180+1"]
[EndTime "14:17:19 PST"]
[Termination "Atousa won by resignation"]

1. e4 c6 2. d4 d5 3. exd5 cxd5 4. Bd3 Nf6 5. c3 Bg4 6. Nf3 Qc7 7. O-O Nc6 8. Nbd2 e6 9. h3 Bh5 10. Re1 Bd6 11. Nf1 O-O-O 12. b4 Kb8 13. a4 Rhg8 14. a5 g5 15. a6 g4 16. hxg4 Rxg4 17. Ne3 Rf4 18.
b5 Bxf3 19. gxf3 Ne7 20. axb7 Rh4 21. Qa4 Qb6 22. Ba3 Rg8+ 23. Kf1 Ne8 24. Ke2 Kxb7 25. Bb4 Bxb4 26. Qxb4 Nc8 27. Ra6 Qc7 28. Rea1 Ned6 29.
Rc6 Qd8 30. Qa4 Kb8 31. Qa3 Rf4 32. b6 Rf6 33. bxa7+ Ka8 34. Qa6 Re8 35. Rb1 e5 1-0

[Event "Late-Titled-Tuesday-Blitz-January-23-2024"]
[Site "Chess.com"]
[Date "2024.01.23"]
[Round "2"]
[White "subham777"]
[Black "baag"]
[Result "0-1"]
[WhiteElo "2553"]
[BlackElo "2854"]
[TimeControl "180+1"]
[EndTime "14:17:20 PST"]
[Termination "baag won on time"]

1. e4 c6 2. c4 d5 3. cxd5 cxd5 4. exd5 Nf6 5. Nf3 Nxd5 6. Nc3 Nb6 7. d4 g6 8. Bb5+ Bd7 9. Bd3 Bg7 10. O-O O-O 11. Re1 Bg4 12. Be3 Nc6 13. Be4 Nc4 14. h3 Bxf3 15.
Qxf3 Rc8 16. Bxc6 Rxc6 17. Rab1 Qa5 18. Nd5 Re6 19. Nf4 Rd6 20. Qxb7 Bxd4 21. Qxe7 Bxe3 22.
fxe3 Rd2 23. Qe4 Nxb2 24. Kh1 Qxa2 25. Rf1 Qc4 26. Qxc4 Nxc4 27. Rb7 Nxe3 28. Re1 Nf5 29. Rxa7 Rc8 30. Kg1 h5 31. Rb1 h4 32. Rbb7 Rc1+ 33. Kh2 Ng3 34. Rb8+ Kg7 35. Ne6+ Kf6 0-1

[Event "Late-Titled-Tuesday-Blitz-January-23-2024"]
[Site "Chess.com"]
[Date "2024.01.23"]
[Round "2"]
[White "js20000"]
[Black "Defend1r"]
[Result "1-0"]
[WhiteElo "2865"]
[BlackElo "2562"]
[TimeControl "180+1"]
[EndTime "14:17:22 PST"]
[Termination "js20000 won by checkmate"]

1. d4 Nf6 2. c4 e6 3. Nc3 d5 4. cxd5 exd5 5. Bg5 c6 6. e3 Be7 7. Bd3 Nbd7 8. Qc2 h6 9. Bh4 O-O 10. Nge2 Re8 11. O-O Ne4 12. Bxe4 dxe4 13. Bxe7 Qxe7 14.
d5 Nf6 15. dxc6 bxc6 16. Na4 Ba6 17. Rfe1 Ng4 18. h3 Ne5 19. Nc5 Bd3 20. Qc3 Nf3+ 21. gxf3 Bxe2 22. f4 Bf3 23. Kh2 Qh4 24. Qc2 Bg4 25. Rh1 Bxh3 26. Rac1 Rab8 27. Nb3 Rb5 28.
Nc5 Qh5 29. a4 Rb4 30. Qc3 Reb8 31. Rcg1 Bf1+ 32. Kg3 Qf3+ 33. Kh4 Qxf2+ 34. Rg3 Be2 35. Qxg7# 1-0

[Event "Late-Titled-Tuesday-Blitz-January-23-2024"]
[Site "Chess.com"]
[Date "2024.01.23"]
[Round "2"]
[White "Cubitas"]
[Black "underthebridge1999"]
[Result "1-0"]
[WhiteElo "2731"]
[BlackElo "2360"]
[TimeControl "180+1"]
[EndTime "14:17:22 PST"]
[Termination "Cubitas won by resignation"]

1. e4 c5 2. Nc3 Nc6 3. f4 g6 4. Nf3 Bg7 5. Bb5 Nd4 6. O-O a6 7. Bd3 d6 8. Nxd4 cxd4 9. Ne2 Nf6 10. Kh1 e5 11. c3 Nd7 12. cxd4 exd4 13. b4 O-O 14.
Bb2 Qb6 15. Qb3 a5 16. bxa5 Qxb3 17. axb3 Nc5 18. Bc4 Nxe4 19. Bd5 Re8 20. Bxd4 Nxd2 21. Rfe1 Rxe2 22. Rxe2 Bxd4 23. Re8+ Kg7 24. Rc1 Rxa5 25. Bxf7 Kxf7 26. Rexc8 Ne4 27. h3 Ng3+ 28. Kh2 Ne2 29. R1c7+ Ke6 30. Re8+ Kd5 31. Rxe2 Ra1 32. Rd2 Ke4 33.
Rc4 Ke3 34. Rcxd4 Rb1 35. b4 Rb3 36. Kg3 h5 37. Kh4 Rb1 38. Kg5 Rg1 39. Kxg6 1-0

[Event "Late-Titled-Tuesday-Blitz-January-23-2024"]
[Site "Chess.com"]
[Date "2024.01.23"]
[Round "2"]
[White "LevonAronian"]
[Black "djano"]
[Result "1-0"]
[WhiteElo "3103"]
[BlackElo "2686"]
[TimeControl "180+1"]
[EndTime "14:17:23 PST"]
[Termination "LevonAronian won by resignation"]

1. e4 c5 2. Nf3 Nc6 3. Bb5 e5 4.
O-O Nge7 5. d3 g6 6. Bc4 Bg7 7. Nc3 O-O 8. a3 d6 9. b4 b6 10.
Nd5 h6 11. c3 Kh7 12. b5 Na5 13.
Nxe7 Qxe7 14. Bd5 Bb7 15. c4 f5 16. Re1 f4 17. Bd2 Bxd5 18. exd5 Nb7 19. a4 g5 20.
h3 h5 21. Nh2 Qf7 22. Ra3 Bh6 23. a5 bxa5 24. Bxa5 Rg8 25. f3 a6 26. b6 Nxa5 27.
Rxa5 Rgb8 28. Qb1 Qb7 29. d4+ Kg7 30. dxc5 dxc5 31. Rxc5 Qxb6 32. Qxb6 Rxb6 33. Rc7+ Kg6 34. c5 Rb2 35. d6 Rab8 36. d7 Rd2 37. Nf1 Rd5 38.
Rc8 1-0